 Dungeon Crawl Stone Soup version 0.17-a0-995-gb5fa8d7 (webtiles) character file.

79 oplop the Gusty (level 4, -1/25 HPs)
             Began as a Tengu Air Elementalist on May 12, 2015.
             Slain by an adder (3 damage)
             ... on level 3 of the Dungeon.
             The game lasted 00:04:34 (1860 turns).

oplop the Gusty (Tengu Air Elementalist)            Turns: 1860, Time: 00:04:34

Health: -1/25      AC:  2    Str:  9      XL:     4   Next: 38%
Magic:  1/9        EV: 12    Int: 14 (16) God:
Gold:   169        SH:  0    Dex: 14      Spells: 3 memorised, 2 levels left

rFire  . . .     SeeInvis .     m - +2 hand axe (venom)
rCold  . . .     Clarity  .     a - +0 robe
rNeg   . . .     SustAb   .     (no shield)
rPois  .         Gourm    .     (helmet restricted)
rElec  .         Spirit   .     (no cloak)
rCorr  .         Warding  .     (no gloves)
rMut   .         Stasis   .     (boots unavailable)
MR     .....                    (no amulet)
Stlth  ++........               (no ring)
                                (no ring)

@: lethally poisoned (-1 -> -5), very slightly contaminated, not resistant to
hostile enchantments, unstealthy
A: beak, talons 3
a: no special abilities


You were on level 3 of the Dungeon.
You were not hungry.

You visited 1 branch of the dungeon, and saw 3 of its levels.

You collected 169 gold pieces.

Inventory:

Hand weapons
 m - a +2 hand axe of venom (weapon)
Armour
 a - a +0 robe (worn)
Magical devices
 k - a wand of flame (14)
Scrolls
 d - 2 scrolls of teleportation
 f - a scroll of remove curse
 j - a scroll of identify
Potions
 h - a potion of haste {unknown}
 l - a potion of heal wounds {unknown}
 n - a potion of might {unknown}
Books
 b - a book of Air

   Spells                             Type                      Level
   a - Shock                          Conjuration/Air              1
   b - Swiftness                      Charms/Air                   2
   c - Repel Missiles                 Charms/Air                   2
   d - Flight                         Charms/Air                   3
   e - Static Discharge               Conjuration/Air              3
   f - Lightning Bolt                 Conjuration/Air              5
Comestibles
 c - a bread ration
 i - 4 chunks of flesh


   Skills:
 + Level 1.5 Fighting
 - Level 2.1 Dodging
 - Level 2.0 Stealth
 + Level 2.6 Spellcasting
 + Level 2.5 Conjurations
 + Level 5.0 Air Magic


You had 2 spell levels left.
You knew the following spells:

 Your Spells              Type           Power        Failure   Level  Hunger
a - Shock                 Conj/Air       ##..         6%          1    #......
b - Static Discharge      Conj/Air       ##......     17%         3    ###....
c - Swiftness             Chrm/Air       #.......     14%         2    ###....


Dungeon Overview and Level Annotations

Branches:
Dungeon (3/15)

Altars:


Innate Abilities, Weirdness & Mutations

You have a beak for a mouth.
You have claws for feet.


Message History

The adder is struck by lightning.
The adder is severely wounded.
The lightning arcs!
You are struck by lightning.
* * * LOW HITPOINT WARNING * * *
The lightning grounds out.
The adder bites you.
* * * LOW HITPOINT WARNING * * *
You are lethally poisoned!
The adder poisons you!
You closely miss the adder. Your kick misses the adder.
The adder is severely wounded.
* * * LOW HITPOINT WARNING * * *
You feel sick. The adder barely misses you. The adder bites you.
* * * LOW HITPOINT WARNING * * *
Drink which item? (? for menu, Esc to quit)
It was a potion of degeneration.
There was something very wrong with that liquid.
You feel dopey.
* * * LOW HITPOINT WARNING * * *
You feel sick. The adder bites you.
You die...

#..#########....# ...
##.........##....# #####.#
#$.....?..(##....# ...#.#
#..........##....#####.#.#
#..........##....†))..<...
#).........##....#####)#.#
#..S....##.......<#.#.#
##.##..#######.......#.#.#
.......).S@........[...>..#
.##.###.###.###....†..#####
.. .... #.# #......... ..
...... #.# #......####
.........##.# #......#
#########+.# ######## #.#
#.# #.#


You could see an adder.

Vanquished Creatures
  Robin (D:3)
  An adder (D:2)
  An ooze (D:1)
  2 giant geckos (D:2)
  A ball python (D:1)
  4 bats
  2 giant cockroaches
  12 goblins
  5 hobgoblins
  4 jackals (D:1)
  9 kobolds
  3 giant newts
  4 rats
49 creatures vanquished.

Notes
Turn   | Place    | Note
--------------------------------------------------------------
     0 | D:1      | oplop the Tengu Air Elementalist began the quest for the Orb.
     0 | D:1      | Reached XP level 1. HP: 10/10 MP: 4/4
    94 | D:1      | Reached XP level 2. HP: 14/16 MP: 0/6
   333 | D:1      | Reached XP level 3. HP: 13/20 MP: 0/7
  1045 | D:2      | Learned a level 3 spell: Static Discharge
  1048 | D:2      | Learned a level 2 spell: Swiftness
  1124 | D:2      | Reached skill level 1 in Fighting
  1662 | D:3      | Noticed Robin
  1705 | D:3      | Reached XP level 4. HP: 25/25 MP: 6/8
  1731 | D:3      | Reached skill level 5 in Air Magic
  1742 | D:3      | Killed Robin
  1860 | D:3      | Slain by an adder

Vault maps used:
D:1:      dpeg_arrival_central
D:3:      grunt_qazlal_clouds, grunt_temple_overflow_cloverleaf,
          minmay_tree_intersection, kennysheep_pointless_box, uniq_robin

Action                   |  1- 3 |  4- 6 || total
-------------------------+-------+-------++-------
Melee: Unarmed           |    26 |       ||    26
       Hand axe          |    10 |    11 ||    21
 Cast: Shock             |    40 |     6 ||    46
       Swiftness         |       |     1 ||     1
       Static Discharge  |       |     1 ||     1
  Use: Scroll            |     7 |       ||     7
       Potion            |       |     2 ||     2
 Stab: Sleeping          |     2 |       ||     2
  Eat: Chunk             |     2 |     2 ||     4
